 Dungeon Crawl Stone Soup version 0.20.1-1-g8b1a95d (webtiles) character file.

534 Ijustatesigmund the Sneak (level 7, -4/37 HPs)
             Began as a Spriggan Assassin on Sept 12, 2017.
             Slain by a centaur (6 damage)
             ... on level 5 of the Dungeon.
             The game lasted 00:13:30 (5583 turns).

Ijustatesigmund the Sneak (Spriggan Assassin)       Turns: 5583, Time: 00:13:31

Health: -4/37      AC:  4    Str:  7    XL:     7   Next: 4%
Magic:  17/17      EV: 18    Int: 15    God:
Gold:   160        SH:  0    Dex: 19    Spells: 6/6 levels left

rFire    . . .     SeeInvis +   a - +2 dagger
rCold    . . .     Gourm    .   (shield restricted)
rNeg     . . .     Faith    .   c - +0 robe
rPois    .         Spirit   .   (helmet restricted)
rElec    .         Reflect  .   t - +1 cloak
rCorr    .         Harm     .   (gloves unavailable)
MR       +....                  (boots unavailable)
Stlth    ++++......             (no amulet)
Regen    0.2/turn               m - +2 ring of intelligence
MPRegen  0.2/turn               l - ring of magical power

@: very quick
A: unfitting armour, see invisible, herbivore 3, speed 3, slow metabolism 2,
wild magic 1, evolution 1, no potion heal 1
a: no special abilities


You were on level 5 of the Dungeon.
You were not hungry.

You visited 1 branch of the dungeon, and saw 5 of its levels.

You collected 160 gold pieces.

Inventory:

Hand Weapons
 a - a +2 dagger (weapon)
 b - a +0 blowgun
Missiles
 e - 21 poisoned needles
 f - a curare-tipped needle
Armour
 c - a +0 robe (worn)
 t - a +1 cloak (worn)
Jewellery
 l - a ring of magical power (right hand)
 m - a +2 ring of intelligence (left hand)
Wands
 p - a wand of polymorph (9/24)
Scrolls
 h - 4 scrolls of remove curse
 n - a scroll of identify
 o - 3 scrolls of blinking
Potions
 j - a potion of ambrosia
 r - a potion of flight
Comestibles
 g - 4 bread rations
 i - a royal jelly
 k - 5 fruits


   Skills:
 + Level 4.0 Fighting
 + Level 5.8 Short Blades
 - Level 2.0 Throwing
 - Level 2.6 Dodging
 - Level 7.3 Stealth


You had 6 spell levels left.
You didn't know any spells.

Dungeon Overview and Level Annotations

Branches:
Dungeon (5/15)
 Temple: D:4-7

Altars:
Elyvilon
Kikubaaqudgha
Zin

Annotations:
D:4 Ijustatesigmund's ghost, amateur SpAs
D:5 Frank's ghost, amateur OpMo


Innate Abilities, Weirdness & Mutations

You are very small and have problems with some larger weapons.
You are too small for most types of armour.
You have supernaturally acute eyesight. (SInv)
You are a herbivore.
You cover ground extremely quickly.
You need consume almost no food.
Your spells are a little harder to cast, but a little more powerful.
You evolve.
Potions are less effective at restoring your health.


Message History

The centaur shoots an arrow.
The arrow misses you.
The centaur shoots an arrow.
The arrow misses you.
The centaur unwields an uncursed shortbow.
The centaur completely misses you.
You hit the centaur.
The centaur is lightly wounded.
You hit the centaur.
The centaur is moderately wounded.
The centaur closely misses you.
You hit the centaur.
The centaur is moderately wounded.
The centaur misses you. The centaur hits you.
* * * LOW HITPOINT WARNING * * *
You barely miss the centaur.
The centaur is moderately wounded.
The centaur barely misses you.
You barely miss the centaur.
The centaur is moderately wounded.
The centaur hits you.
You die...

#....##...#
#.#
##.#..###.##
#.# #....##
#.# # #.#
#.#### #.# #
#.# #.#
#.#### #.#
#.# #.....
#.# #.#
###... #c#
#.# #.#. #@#
#.# #.#. #.#
#.# #.#. #.#
#.# #.## #(#
#.# #.##
#.###.# #...
#.##..# ####
#(##.##
#.#..#
#...##


You could see a centaur.

Vanquished Creatures
  A water moccasin zombie (D:5)
  A scorpion (D:5)
  3 vampire bats (D:3)
  A crimson imp (D:5)
  An orc priest (D:3)
  Terence (D:3)
  A worker ant (D:5)
  3 orc wizards (D:3)
  A howler monkey skeleton (D:5)
  An adder (D:3)
  2 oozes
  An adder skeleton (D:3)
  A worm (D:1)
  2 dart slugs
  2 leopard geckos
  6 orcs (D:3)
  A ball python (D:1)
  4 bat skeletons (D:3)
  2 bat zombies (D:3)
  4 giant cockroaches (D:3)
  7 hobgoblins
  14 jackals
  5 kobolds
  2 quokkas
  3 bats
  3 frilled lizards
  5 goblins
  10 rats
88 creatures vanquished.

Notes
Turn   | Place    | Note
-------+----------+-------------------------------------------
     0 | D:1      | Ijustatesigmund the Spriggan Assassin began the quest for the Orb.
     0 | D:1      | Reached XP level 1. HP: 10/10 MP: 2/2
    29 | D:1      | Reached skill level 6 in Stealth
   124 | D:1      | Reached XP level 2. HP: 14/14 MP: 3/3
  1563 | D:1      | Reached XP level 3. HP: 9/18 MP: 4/4
  2042 | D:2      | Reached skill level 7 in Stealth
  2776 | D:3      | Noticed Terence
  3231 | D:3      | Killed Terence
  3231 | D:3      | Reached XP level 4. HP: 23/23 MP: 5/5
  3780 | D:3      | Reached XP level 5. HP: 26/26 MP: 6/6
  4186 | D:3      | Gained mutation: Potions are less effective at restoring your health. [potion of mutation]
  4186 | D:3      | Gained mutation: Your spells are a little harder to cast, but a little more powerful. [potion of mutation]
  4186 | D:3      | Gained mutation: You evolve. [potion of mutation]
  4399 | D:3      | Found a glowing silver altar of Zin.
  4674 | D:3      | Found an ancient bone altar of Kikubaaqudgha.
  4695 | D:3      | Reached XP level 6. HP: 20/32 MP: 7/7
  4721 | D:3      | Reached skill level 5 in Short Blades
  5089 | D:4      | Noticed Ijustatesigmund's ghost (amateur SpAs)
  5098 | D:5      | Entered Level 5 of the Dungeon
  5280 | D:5      | Found a white marble altar of Elyvilon.
  5282 | D:5      | Noticed Frank's ghost (amateur OpMo)
  5384 | D:5      | Reached XP level 7. HP: 15/37 MP: 8/8
  5581 | D:5      | HP: 1/37 [centaur (2)]
  5583 | D:5      | Slain by a centaur

Skill      XL: |  1  2  3  4  5  6 |
---------------+-------------------+-----
Stealth        | 6 7 |  7.3
Dodging        | 2 |  2.6
Short Blades   | 3 4 5 |  5.8
Fighting       | 2 3 4 |  4.0
Throwing       | |  2.0

Action                   |  1- 3 |  4- 6 |  7- 9 || total
-------------------------+-------+-------+-------++-------
Melee: Dagger            |   170 |   247 |    46 ||   463
 Fire: Blowgun           |    19 |     8 |       ||    27
Evoke: Wand              |       |     2 |       ||     2
  Use: Scroll            |     6 |     5 |       ||    11
       Potion            |     1 |     2 |     1 ||     4
 Stab: Sleeping          |    13 |     5 |       ||    18
       Distracted        |     1 |     1 |       ||     2
  Eat: Fruit             |       |     3 |       ||     3
Armor: Robe              |    21 |    49 |     6 ||    76
Dodge: Dodged            |   137 |   236 |    30 ||   403
